[Event "Titled Tuesday Blitz October 25 Late 2022"]
[White "Pakleza, Zbigniew"]
[Black "Bogaudinov, Rushan"]
[WhiteFideId "1119290"]
[BlackFideId "4129288"]
[WhiteElo "2411"]
[BlackElo "1945"]
[Result "1-0"]
[Round "10"]
[TimeControl "180+1"]
[Date "2022.10.26"]
[WhiteClock "0:01:56"]
[BlackClock "0:00:41"]

1. d4 d5 2. Bf4 c6 3. e3 Bf5 4. c4 e6 5. Nc3 Nf6 6. Qb3 Qb6 7. c5 Qxb3 8. axb3 Nbd7 9. b4 Nh5 10. Be5 f6 11. Bc7 Rc8 12. Bd6 a6 13. Bxf8 Rxf8 14. Be2 e5 15. Bxh5+ g6 16. Be2 Kf7 17. Nf3 h5 18. Kd2 Kg7 19. h3 Rce8 20. g4 hxg4 21. Nh4 exd4 22. Nxf5+ gxf5 23. exd4 gxh3 24. Rag1+ Kf7 25. Bh5+ Ke7 26. Re1+ Kd8 27. Rxe8+ 1-0


[Site "https://www.chess.com"]

[Event "Titled Tuesday Blitz October 25 Late 2022"]
[White "Perez Cruz, Adianet"]
[Black "chess50years"]
[WhiteFideId "3510115"]
[WhiteElo "2155"]
[BlackElo "1708"]
[Result "1-0"]
[Round "10"]
[TimeControl "180+1"]
[Date "2022.10.26"]
[WhiteClock "0:01:15"]
[BlackClock "0:01:06"]

1. d4 Nf6 2. Bg5 d5 3. e3 Bf5 4. Nf3 Nbd7 5. c3 h6 6. Bf4 c6 7. Nbd2 Qb6 8. Qb3 e6 9. Ne5 Nxe5 10. Bxe5 Ne4 11. Nxe4 Bxe4 12. f3 Bh7 13. Qxb6 axb6 14. Kd2 f6 15. Bg3 b5 16. Bd3 Kd7 17. Bxh7 Rxh7 18. a3 Bd6 19. Bxd6 Kxd6 20. e4 g5 21. h4 Rah8 22. Rh3 gxh4 23. Rxh4 Rg8 24. Rh2 Rhg7 25. Rg1 e5 26. dxe5+ fxe5 27. Ke3 Ke6 28. Rxh6+ Ke7 29. g4 Rf7 30. Rg3 Kd7 31. exd5 cxd5 32. Rb6 Kc7 33. Rxb5 Kc6 34. Ra5 Rf4 35. b4 Rd8 36. Rc5+ Kb6 37. g5 d4+ 38. cxd4 Rdxd4 39. Rxe5 Rc4 40. g6 Rf8 41. g7 Rg8 42. Rg6+ Ka7 43. Re7 Rc3+ 44. Kf4 Rxa3 45. Rf7 Ra5 46. bxa5 1-0


[Site "https://www.chess.com"]

[Event "Titled Tuesday Blitz October 25 Late 2022"]
[White "Petrova, Irina"]
[Black "Averjanov, Alexey"]
[WhiteFideId "14124122"]
[BlackFideId "14109867"]
[WhiteElo "2023"]
[BlackElo "2651"]
[Result "0-1"]
[Round "10"]
[TimeControl "180+1"]
[Date "2022.10.26"]
[WhiteClock "0:00:04"]
[BlackClock "0:00:12"]

1. e4 c6 2. d4 d5 3. Nc3 dxe4 4. Nxe4 Bf5 5. Ng3 Bg6 6. h4 h6 7. Nf3 Nd7 8. h5 Bh7 9. Bd3 Bxd3 10. Qxd3 e6 11. Bd2 Ngf6 12. O-O-O Be7 13. Ne4 Nxe4 14. Qxe4 Nf6 15. Qe2 Qd5 16. Kb1 Qe4 17. Be3 Ng4 18. Nd2 Qf5 19. f3 Nxe3 20. Qxe3 Bg5 21. Qb3 O-O-O 22. Ne4 Be7 23. Ka1 Rd7 24. c3 Rhd8 25. Qa4 Kb8 26. Qc2 Qf4 27. Qe2 Rd5 28. g3 Qf5 29. g4 Qf4 30. Qh2 Qxh2 31. Rxh2 c5 32. Rhd2 cxd4 33. Rxd4 Rxd4 34. Rxd4 Rxd4 35. cxd4 Kc7 36. Kb1 Kc6 37. Kc2 b5 38. Kd3 a6 39. a3 a5 40. Nf2 Kd5 41. Nd1 a4 42. Nc3+ Kc6 43. Ke4 Bg5 44. Ne2 Kd6 45. f4 Bf6 46. Nc1 Bh4 47. Nd3 Be7 48. Ne5 f6 49. Nd3 Bd8 50. f5 Ba5 51. fxe6 Kxe6 52. Nc5+ Ke7 53. Kd5 f5 54. gxf5 Kf6 55. Nd3 Kxf5 56. Kc6 g5 57. hxg6 Kxg6 58. Kxb5 Bc7 59. d5 Kf5 60. Kc6 Bd8 61. d6 h5 62. Kd7 Bg5 63. Ke8 Ke4 64. Nf2+ Kf3 65. Nh3 Be3 66. d7 Bb6 67. Ng5+ Kg4 68. Ne4 h4 69. d8=Q Bxd8 70. Kxd8 Kf4 71. Nf2 Ke3 72. Ng4+ Kd3 73. Kc7 Kc2 74. Kb6 Kxb2 75. Kb5 Kxa3 76. Kc4 Kb2 0-1


[Site "https://www.chess.com"]

[Event "Titled Tuesday Blitz October 25 Late 2022"]
[White "Petrovic, Aleksa"]
[Black "Melikyan, Gnel"]
[WhiteFideId "967629"]
[BlackFideId "54109990"]
[WhiteElo "2242"]
[BlackElo "2138"]
[Result "1-0"]
[Round "10"]
[TimeControl "180+1"]
[Date "2022.10.26"]
[WhiteClock "0:02:23"]
[BlackClock "0:02:13"]

1. e4 c6 2. f3 d5 3. d4 dxe4 4. fxe4 e5 5. Nf3 Bg4 6. Bc4 Nf6 7. c3 exd4 8. Bxf7+ Ke7 9. Bb3 dxc3 10. Qe2 g6 11. e5 1-0


[Site "https://www.chess.com"]

[Event "Titled Tuesday Blitz October 25 Late 2022"]
[White "Predke, Alexandr"]
[Black "Deac, Bogdan-Daniel"]
[WhiteFideId "24107581"]
[BlackFideId "1226380"]
[WhiteElo "2614"]
[BlackElo "2648"]
[Result "1/2-1/2"]
[Round "10"]
[TimeControl "180+1"]
[Date "2022.10.26"]
[WhiteClock "0:00:07"]
[BlackClock "0:00:06"]

1. Nf3 d5 2. g3 Nd7 3. d4 Ngf6 4. Bg2 e6 5. O-O Be7 6. c4 O-O 7. Qd3 c5 8. cxd5 Nxd5 9. Nc3 b6 10. Nxd5 exd5 11. dxc5 Nxc5 12. Qc2 Ba6 13. Rd1 Rc8 14. Nd4 Bf6 15. Be3 Re8 16. Bf3 Qd7 17. Qf5 Qxf5 18. Nxf5 Bxb2 19. Rab1 Be5 20. Rxd5 Bc4 21. Rd2 Be6 22. Nd4 Bxd4 23. Bxd4 Red8 24. Rbd1 h6 25. Kg2 Na4 26. a3 Bb3 27. Re1 Bd5 28. e3 Bxf3+ 29. Kxf3 Rd5 30. Red1 Ra5 31. Rd3 Rc7 32. g4 f6 33. h4 Nc5 34. Bxc5 Raxc5 35. Rd8+ Kf7 36. R1d4 h5 37. gxh5 Rxh5 38. R8d7+ Rxd7 39. Rxd7+ Kg6 40. Rxa7 Rxh4 41. Rb7 Ra4 42. Rxb6 Rxa3 43. Kg2 Ra5 44. Kf3 Rf5+ 45. Kg2 Rg5+ 46. Kf3 Rf5+ 47. Kg2 Rh5 48. Kf3 Rf5+ 1/2-1/2


[Site "https://www.chess.com"]

[Event "Titled Tuesday Blitz October 25 Late 2022"]
[White "Przybylski, Wojciech"]
[Black "Szpar, Milosz"]
[WhiteFideId "1117599"]
[BlackFideId "1184989"]
[WhiteElo "2221"]
[BlackElo "2422"]
[Result "0-1"]
[Round "10"]
[TimeControl "180+1"]
[Date "2022.10.26"]
[WhiteClock "0:00:02"]
[BlackClock "0:01:50"]

1. e4 c5 2. Nf3 d6 3. Bb5+ Bd7 4. c4 Nf6 5. Nc3 g6 6. O-O Bg7 7. d3 O-O 8. h3 Nc6 9. Re1 Ne8 10. Bg5 h6 11. Be3 Nc7 12. Ba4 Ne6 13. Qd2 Kh7 14. Nd5 Ned4 15. Bd1 e6 16. Nc3 a6 17. Nh2 Rb8 18. f4 b5 19. Nf3 Na5 20. cxb5 axb5 21. Bxd4 cxd4 22. Ne2 Nc6 23. g4 f5 24. Bc2 e5 25. exf5 gxf5 26. g5 Ne7 27. Nh4 hxg5 28. fxg5 Nd5 29. Ng3 Ne3 30. Rxe3 dxe3 31. Qxe3 Qb6 32. Qxb6 Rxb6 33. Bb3 Bh8 34. Nf3 Rb7 35. Bd5 Rc7 36. b3 Rc2 37. Rf1 f4 38. Ne4 Bxh3 39. Rf2 Rxf2 40. Kxf2 Rd8 41. a4 bxa4 42. bxa4 Bc8 43. a5 Ba6 44. Nh4 Bxd3 45. Nc3 Rc8 46. Na4 Rc2+ 47. Ke1 e4 48. Bb3 Rh2 49. Nf5 e3 0-1


[Site "https://www.chess.com"]

[Event "Titled Tuesday Blitz October 25 Late 2022"]
[White "Rasulov, Vugar"]
[Black "Milikow, Yoav"]
[WhiteFideId "13402390"]
[BlackFideId "2822237"]
[WhiteElo "2509"]
[BlackElo "2341"]
[Result "1-0"]
[Round "10"]
[TimeControl "180+1"]
[Date "2022.10.26"]
[WhiteClock "0:01:04"]
[BlackClock "0:00:08"]

1. d4 d5 2. Nf3 Nf6 3. c4 e6 4. Nc3 c5 5. e3 Nc6 6. a3 cxd4 7. exd4 dxc4 8. Bxc4 Be7 9. O-O O-O 10. Bg5 h6 11. Bh4 Nh5 12. Bg3 Nxg3 13. hxg3 Bf6 14. d5 exd5 15. Bxd5 Qb6 16. Ne4 Bxb2 17. Rb1 Rd8 18. Qd2 Be6 19. Rxb2 Rxd5 20. Rxb6 Rxd2 21. Rxc6 Ra2 22. Rc3 Rd8 23. Rfc1 b6 24. Re3 Rd7 25. Ne5 Rd4 26. Nc6 Rd7 27. Nb4 Rb2 28. Nc3 a5 29. Na4 Rbd2 30. Nc6 Rd1+ 31. Rxd1 Rxd1+ 32. Kh2 Rd6 33. Ne5 b5 34. Nc5 Bc8 35. f3 Rd5 36. Ncd3 Bf5 37. Nf4 Rc5 38. g4 Bb1 39. Nd7 Rc4 40. Re8+ Kh7 41. Nd5 Rd4 42. Nf8+ Kh8 43. Ne6+ Kh7 44. Nxd4 Bg6 45. Nxb5 f6 46. Rd8 Bf7 47. Nd4 Kg6 48. Nf4+ Kg5 49. Kg3 g6 50. Nde6+ 1-0


[Site "https://www.chess.com"]

[Event "Titled Tuesday Blitz October 25 Late 2022"]
[White "Rios Escobar, Adan"]
[Black "Ferreira, Vitor Hugo Vieira"]
[WhiteFideId "3403645"]
[BlackFideId "2119765"]
[WhiteElo "2373"]
[BlackElo "2168"]
[Result "0-1"]
[Round "10"]
[TimeControl "180+1"]
[Date "2022.10.26"]
[WhiteClock "0:00:05"]
[BlackClock "0:00:43"]

1. d4 d5 2. c4 c6 3. g3 Nf6 4. Nf3 g6 5. Bg2 Bg7 6. O-O O-O 7. a4 a5 8. cxd5 cxd5 9. Qb3 Nc6 10. Nc3 Nb4 11. Bf4 Bf5 12. Rac1 Rc8 13. Nb5 Qb6 14. Bc7 Qa6 15. Ne5 Ne4 16. Bxe4 Bxe4 17. Nd7 Rfe8 18. Nc5 Qf6 19. Bxa5 Nc6 20. Bc3 b6 21. Nd7 Qe6 22. Nxb6 Qh3 23. f3 Rb8 24. Nc7 Nxd4 25. Qd1 Rxb6 26. Nxe8 Nxf3+ 27. exf3 Bxc3 28. Rxc3 Rxb2 29. Rf2 Rxf2 30. Kxf2 Qxh2+ 31. Ke3 Qxg3 32. Rc8 Qg5+ 33. Kd4 e5+ 34. Kc5 Qe3+ 35. Kd6 Qb6+ 36. Kxe5 Qe6+ 37. Kf4 Qxc8 38. Nf6+ Kg7 39. fxe4 Kxf6 40. Qd4+ Ke7 41. Qe5+ Qe6 42. exd5 g5+ 43. Ke4 f5+ 44. Kd4 Qxe5+ 45. Kxe5 g4 46. Kf4 Kd6 47. a5 Kxd5 48. a6 Kc6 49. a7 Kb7 50. a8=Q+ Kxa8 51. Kxf5 g3 52. Kg4 g2 53. Kh4 g1=Q 54. Kh3 h5 55. Kh4 Qg4# 0-1


[Site "https://www.chess.com"]

[Event "Titled Tuesday Blitz October 25 Late 2022"]
[White "Roberts, Paul"]
[Black "Szente Varga, Fruzsina"]
[WhiteFideId "2400600"]
[BlackFideId "712264"]
[WhiteElo "2112"]
[BlackElo "1994"]
[Result "1/2-1/2"]
[Round "10"]
[TimeControl "180+1"]
[Date "2022.10.26"]
[WhiteClock "0:00:11"]
[BlackClock "0:00:13"]

1. e3 Nf6 2. Nf3 d5 3. c4 c6 4. Nc3 g6 5. b3 Bg7 6. Bb2 O-O 7. Be2 dxc4 8. bxc4 Nbd7 9. d4 Re8 10. O-O Qc7 11. e4 e5 12. d5 cxd5 13. Nxd5 Nxd5 14. cxd5 Qd6 15. Qc2 Nc5 16. Nd2 Bd7 17. Nc4 Qe7 18. Ba3 Rac8 19. Rac1 Qf6 20. Qb1 b6 21. Bb2 Qf4 22. Nd6 Red8 23. g3 Qd2 24. Rc2 Qg5 25. Nxc8 Rxc8 26. f4 exf4 27. Rxf4 Ba4 28. Rc1 Re8 29. Bxg7 Kxg7 30. Rcf1 Re7 31. Qb2+ Kg8 32. e5 Qxe5 33. Qxe5 Rxe5 34. Bc4 f5 35. d6+ Kf8 36. Kf2 Ne4+ 37. Ke3 Nxg3+ 38. Kd4 Re4+ 39. Rxe4 Nxe4 40. h4 Nxd6 41. Bd5 Ke7 42. Re1+ Kf8 43. Re6 Ne8 44. Ke5 Nc7 45. Rf6+ Ke8 46. h5 Nxd5 47. Kxd5 Ke7 48. Re6+ Kf7 49. hxg6+ hxg6 50. Ke5 Bb5 51. Rf6+ Kg7 52. a3 Bc4 53. Rd6 b5 54. Rd7+ Kh6 55. Rxa7 Kg5 56. Rc7 Bd3 57. Rc3 Be2 58. Rg3+ Kh5 59. Kf4 Bc4 60. Rg5+ Kh6 61. Rg3 Kg7 62. Rg1 Kf6 63. Rg3 Bd5 64. Rg1 Bc4 65. Rg3 Be2 66. Rg1 Bg4 67. Rb1 g5+ 68. Ke3 f4+ 69. Kf2 Bd7 70. Rd1 Be8 71. Rd6+ Kf5 72. Rd5+ Kg4 73. Re5 Bc6 74. Rc5 Bd7 75. Rd5 Be8 76. Re5 Bc6 77. Rc5 Bd7 78. Rd5 Be8 1/2-1/2


[Site "https://www.chess.com"]

[Event "Titled Tuesday Blitz October 25 Late 2022"]
[White "Roque Sola, Gisela"]
[Black "Liu, Kelsey"]
[WhiteFideId "5120241"]
[BlackFideId "30944481"]
[WhiteElo "1961"]
[BlackElo "2287"]
[Result "1/2-1/2"]
[Round "10"]
[TimeControl "180+1"]
[Date "2022.10.26"]
[WhiteClock "0:00:07"]
[BlackClock "0:00:35"]

1. c4 Nf6 2. Nc3 e6 3. e4 d5 4. e5 Nfd7 5. cxd5 Nxe5 6. d4 Ng6 7. Bb5+ Bd7 8. dxe6 fxe6 9. Qf3 c6 10. Bd3 Qf6 11. Qxf6 gxf6 12. Nf3 Bb4 13. O-O O-O 14. a3 Bd6 15. Ne4 Bf4 16. Bc4 b5 17. Ba2 Na6 18. g3 Bc7 19. Bh6 Rf7 20. Rfd1 Bb6 21. Rac1 Bd8 22. Nc5 Nxc5 23. dxc5 Re7 24. Rxd7 Rxd7 25. Bxe6+ Rf7 26. Rd1 Be7 27. Rd7 a5 28. Rc7 Ne5 29. Rxe7 Nxf3+ 30. Kg2 Ne5 31. Bxf7+ Nxf7 32. Rc7 Nxh6 33. Rxc6 Kf7 34. Rb6 b4 35. axb4 axb4 36. Rxb4 Nf5 37. Rf4 Ke6 38. b4 Nd4 39. Rxd4 Rb8 40. Rd3 Ke5 41. Rb3 Kd4 42. Kf3 Kc4 43. Rb1 Re8 44. Kf4 Re5 45. c6 Kb5 46. c7 Re8 47. Kf5 Rf8 48. c8=Q Rxc8 49. Kxf6 Rc2 50. f4 Rxh2 51. g4 Kc6 52. f5 h6 53. b5+ Kb6 54. Kg6 Rh4 55. f6 Rxg4+ 56. Kxh6 Rf4 57. Kg7 Rg4+ 58. Kf7 Rf4 59. Re1 Kxb5 60. Ke8 Rxf6 61. Ke7 Rf2 62. Ke8 Kc4 63. Ke7 Kd3 64. Ke8 Kd2 65. Re7 Kd3 66. Rd7+ Ke4 67. Re7+ Kd5 68. Rd7+ Kc6 69. Rf7 Re2+ 70. Kf8 Kd6 71. Rf6+ Ke5 72. Rf7 Ra2 73. Re7+ Kf6 74. Rf7+ Kg6 75. Rg7+ Kh6 76. Re7 Ra8+ 77. Kf7 Ra4 78. Re6+ Kg5 79. Rg6+ Kf5 80. Rf6+ Ke5 81. Rb6 Ra7+ 82. Kg6 Re7 83. Rb5+ Kf4 84. Rb4+ Re4 85. Rxe4+ Kxe4 1/2-1/2


[Site "https://www.chess.com"]

[Event "Titled Tuesday Blitz October 25 Late 2022"]
[White "Sabar, Ethmane Daouda"]
[Black "Toncheva, Nadya"]
[WhiteFideId "19600097"]
[BlackFideId "2924056"]
[WhiteElo "1950"]
[BlackElo "2101"]
[Result "0-1"]
[Round "10"]
[TimeControl "180+1"]
[Date "2022.10.26"]
[WhiteClock "0:00:32"]
[BlackClock "0:00:19"]

1. b3 a5 2. a3 a4 3. b4 b6 4. Bb2 Bb7 5. e3 Nf6 6. Nf3 e6 7. c4 c5 8. b5 d5 9. Ne5 Bd6 10. d4 O-O 11. Be2 dxc4 12. O-O Nbd7 13. Nxc4 Bc7 14. Bf3 Bxf3 15. Qxf3 Qe7 16. Re1 Rac8 17. Nbd2 Rfd8 18. Rad1 cxd4 19. Bxd4 e5 20. Bb2 Nc5 21. e4 Nd3 22. Re3 Nxb2 23. Nxb2 Bd6 24. Ndc4 Bc5 25. Red3 Bd4 26. Qe2 Qc5 27. R3d2 Qxb5 28. g4 Nd7 29. Nd6 Qxe2 30. Rxe2 Rc3 31. Nxa4 Rxa3 32. Nb2 Nc5 33. Nb5 Ra2 34. Nxd4 Rxd4 35. Rxd4 exd4 36. Rd2 d3 37. Nc4 Rxd2 38. Nxd2 Kf8 39. Kf1 b5 40. Ke1 Ke7 41. Kd1 Ke6 42. Kc1 Ke5 43. f3 Kd4 44. Kb2 Ke3 45. Kc1 b4 46. e5 b3 47. Nc4+ Kxf3 48. Kd2 Kxg4 49. Nb2 Kf5 50. Nxd3 Nxd3 51. Kxd3 b2 52. Kc2 Kxe5 53. Kxb2 Kf4 54. Kc2 Kf3 55. Kd2 Kg2 56. Ke2 Kxh2 57. Kf2 g5 58. Kf3 f5 59. Kf2 h5 0-1


[Site "https://www.chess.com"]

[Event "Titled Tuesday Blitz October 25 Late 2022"]
[White "Sadhwani, Raunak"]
[Black "Papasimakopoulos, Alexandros"]
[WhiteFideId "35093487"]
[BlackFideId "4244125"]
[WhiteElo "2656"]
[BlackElo "2357"]
[Result "1-0"]
[Round "10"]
[TimeControl "180+1"]
[Date "2022.10.26"]
[WhiteClock "0:00:16"]
[BlackClock "0:00:10"]

1. d4 e6 2. Nc3 d5 3. Bf4 Bb4 4. e3 Nf6 5. Bd3 c5 6. dxc5 Bxc3+ 7. bxc3 Qa5 8. Ne2 Qxc5 9. O-O O-O 10. Be5 Qe7 11. f4 Nc6 12. Bd4 Ne4 13. Bxe4 dxe4 14. Ng3 f5 15. Nh5 Rf7 16. Qe2 b6 17. Rad1 Bb7 18. g4 Rc8 19. Rf2 Qa3 20. Bxg7 Ba6 21. Qe1 Rxg7 22. Nxg7 Kxg7 23. Rg2 Kh8 24. Rd7 Rg8 25. gxf5 Ne7 26. f6 Nf5 27. Qd2 Rf8 28. Rgg7 Rxf6 29. Rxh7+ Kg8 30. Qg2+ Kf8 31. Rh8# 1-0


[Site "https://www.chess.com"]

[Event "Titled Tuesday Blitz October 25 Late 2022"]
[White "Sanchez, Robert"]
[Black "Rose, Felix"]
[WhiteFideId "2034360"]
[BlackFideId "5105722"]
[WhiteElo "2404"]
[BlackElo "2039"]
[Result "1-0"]
[Round "10"]
[TimeControl "180+1"]
[Date "2022.10.26"]
[WhiteClock "0:00:44"]
[BlackClock "0:00:07"]

1. e4 c5 2. Nf3 e6 3. d4 cxd4 4. Nxd4 a6 5. Bd3 Bc5 6. Nb3 Ba7 7. Nc3 b5 8. Qe2 Bb7 9. Be3 Bxe3 10. Qxe3 Nc6 11. f4 d6 12. O-O-O Rc8 13. Kb1 Qc7 14. Rhe1 Nf6 15. h3 Nb4 16. e5 Nxd3 17. Qxd3 dxe5 18. fxe5 Nd7 19. a3 Bxg2 20. Qg3 Bd5 21. Qxg7 Rf8 22. Nxd5 Qxc2+ 23. Ka2 exd5 24. e6 Nc5 25. Nxc5 Qxc5 26. e7 Qc4+ 27. Ka1 1-0


[Site "https://www.chess.com"]

[Event "Titled Tuesday Blitz October 25 Late 2022"]
[White "Sarana, Alexey"]
[Black "Holt, Conrad"]
[WhiteFideId "24133795"]
[BlackFideId "2034387"]
[WhiteElo "2689"]
[BlackElo "2592"]
[Result "1-0"]
[Round "10"]
[TimeControl "180+1"]
[Date "2022.10.26"]
[WhiteClock "0:00:08"]
[BlackClock "0:00:01"]

1. c4 c6 2. d4 d5 3. Nf3 Nf6 4. Nc3 dxc4 5. a4 Bf5 6. e3 Nbd7 7. Bxc4 e6 8. O-O Bd6 9. Qe2 Bg4 10. h3 Bh5 11. g4 Bg6 12. e4 Bb4 13. e5 Nd5 14. Nxd5 exd5 15. Bd3 Nf8 16. Bxg6 hxg6 17. Kg2 Ne6 18. Be3 Qe7 19. h4 O-O-O 20. Rh1 f6 21. Qd3 Qf7 22. Rh3 Rdf8 23. Rah1 Be7 24. b3 Bd8 25. Kf1 Bc7 26. exf6 Qxf6 27. Kg2 Bf4 28. Rf1 Qf7 29. Ne5 Bxe5 30. dxe5 d4 31. Bd2 Nf4+ 32. Bxf4 Qxf4 33. Qg3 Qe4+ 34. f3 Qc2+ 35. Qf2 Qxb3 36. Qxd4 Kb8 37. Rf2 Rd8 38. Qe4 Qe6 39. Rh1 Rd5 40. Re2 Rhd8 41. Qf4 Rd4 42. Qg5 Rd3 43. h5 gxh5 44. Rxh5 c5 45. Qf5 Qe8 46. e6 c4 47. e7 Rc8 48. Qe4 Ka8 49. Rf5 c3 50. Rf8 1-0


[Site "https://www.chess.com"]

[Event "Titled Tuesday Blitz October 25 Late 2022"]
[White "Schuster, Karsten"]
[Black "Halak, Miklos"]
[WhiteFideId "4611071"]
[BlackFideId "726400"]
[WhiteElo "2294"]
[BlackElo "2197"]
[Result "1-0"]
[Round "10"]
[TimeControl "180+1"]
[Date "2022.10.26"]
[WhiteClock "0:01:51"]
[BlackClock "0:01:03"]

1. d4 d5 2. c4 e6 3. cxd5 exd5 4. Nc3 Nf6 5. Bg5 Be7 6. e3 O-O 7. Bd3 h6 8. Bh4 Be6 9. Qc2 Nbd7 10. Nf3 Re8 11. O-O c6 12. Rab1 a5 13. a3 Nb6 14. Ne5 Nfd7 15. Bxe7 Qxe7 16. Nxd7 Qxd7 17. b4 Nc4 18. Bxc4 dxc4 19. b5 cxb5 20. Rxb5 Qc7 21. Rfb1 Reb8 22. Qe4 Ra7 23. a4 b6 24. h3 Rab7 25. Rd1 Bd7 26. Re5 b5 27. axb5 Bxb5 28. Nxb5 Rxb5 29. Rxb5 Rxb5 30. Qe8+ 1-0


[Site "https://www.chess.com"]

[Event "Titled Tuesday Blitz October 25 Late 2022"]
[White "Senthil Maran K"]
[Black "Gedgafov, Chamal"]
[WhiteFideId "25035681"]
[BlackFideId "34130621"]
[WhiteElo "2109"]
[BlackElo "2067"]
[Result "1/2-1/2"]
[Round "10"]
[TimeControl "180+1"]
[Date "2022.10.26"]
[WhiteClock "0:02:05"]
[BlackClock "0:02:04"]

1. g3 d5 2. Nf3 c6 3. d4 Nf6 4. c4 g6 5. Bg2 Bg7 6. O-O O-O 7. Ne5 e6 8. Nc3 Nfd7 9. Bf4 Nxe5 10. Bxe5 Bxe5 11. dxe5 Nd7 12. cxd5 cxd5 13. f4 Qb6+ 14. Kh1 Qxb2 15. Qd4 Qb6 16. Rfd1 Qxd4 17. Rxd4 Nc5 18. e4 dxe4 19. Nxe4 Nxe4 20. Bxe4 Rb8 21. Rc1 b6 22. Rc7 a5 23. Ra7 b5 24. Rxa5 Bb7 25. Bxb7 Rxb7 26. Rb4 Rfb8 27. Kg2 h5 28. Kf3 Rb6 29. Ke4 Kg7 30. Kd4 R6b7 31. Kc5 Rc7+ 32. Kd6 Rc2 33. a3 Rb6+ 34. Kd7 Rb7+ 35. Kd8 Rb8+ 36. Kd7 Rb7+ 37. Kd6 Rb6+ 38. Kd7 Rb7+ 1/2-1/2


[Site "https://www.chess.com"]

[Event "Titled Tuesday Blitz October 25 Late 2022"]
[White "Shapiro, Daniel"]
[Black "Muhammad, Shahzeb"]
[WhiteFideId "2001780"]
[BlackFideId "7804806"]
[WhiteElo "2260"]
[BlackElo "2406"]
[Result "0-1"]
[Round "10"]
[TimeControl "180+1"]
[Date "2022.10.26"]
[WhiteClock "0:00:03"]
[BlackClock "0:00:15"]

1. d4 Nf6 2. c4 e6 3. g3 Bb4+ 4. Bd2 Qe7 5. Bg2 Nc6 6. Nf3 Bxd2+ 7. Qxd2 Ne4 8. Qc2 Qb4+ 9. Kf1 f5 10. a3 Qd6 11. e3 O-O 12. Nc3 Nxc3 13. Qxc3 b6 14. d5 exd5 15. Rd1 Ba6 16. b3 Qc5 17. Ng5 dxc4 18. b4 Qe7 19. h4 Rad8 20. Bd5+ Kh8 21. Bxc4 Bxc4+ 22. Qxc4 h6 23. Nh3 Rc8 24. Nf4 Rf6 25. h5 Ne5 26. Qc3 Ng4 27. Ng6+ Rxg6 28. hxg6 Qe4 29. Rh4 d6 30. Rxd6 Qf3 31. Rd2 Re8 32. Re2 c5 33. bxc5 bxc5 34. Qxc5 Rb8 35. Qc2 Rd8 0-1


[Site "https://www.chess.com"]

[Event "Titled Tuesday Blitz October 25 Late 2022"]
[White "Shipov, Sergei"]
[Black "Roman, Rodrigo"]
[WhiteFideId "4113624"]
[BlackFideId "3701220"]
[WhiteElo "2764"]
[BlackElo "2001"]
[Result "1/2-1/2"]
[Round "10"]
[TimeControl "180+1"]
[Date "2022.10.26"]
[WhiteClock "0:00:26"]
[BlackClock "0:00:08"]

1. d4 Nf6 2. c4 e6 3. Nc3 Bb4 4. Qc2 O-O 5. a3 Bxc3+ 6. Qxc3 d5 7. e3 Ne4 8. Qc2 a5 9. Bd3 f5 10. Nf3 c6 11. b3 Bd7 12. O-O Be8 13. Bb2 Nd7 14. b4 Bh5 15. Ne5 Nef6 16. c5 Nxe5 17. dxe5 Nd7 18. Bd4 Qc7 19. Qc3 Rfc8 20. Rfc1 Qd8 21. b5 cxb5 22. Bxb5 Nxc5 23. Bxc5 b6 24. Qd4 bxc5 25. Rxc5 Rxc5 26. Qxc5 Rc8 27. Qd4 Qc7 28. h3 Be8 29. Bf1 Qc5 30. g4 fxg4 31. hxg4 Bg6 32. a4 Qxd4 33. exd4 Rc3 34. Bb5 Kf7 35. Re1 Ke7 36. Re3 Rc1+ 37. Kg2 Rd1 38. Rb3 Rxd4 39. f3 Bc2 40. Rc3 Bxa4 41. Bxa4 Rxa4 42. Rc7+ Kf8 43. Rc6 Kf7 44. Rc7+ Kf8 45. Rc6 Ke7 46. Rc7+ Kf8 1/2-1/2


[Site "https://www.chess.com"]

[Event "Titled Tuesday Blitz October 25 Late 2022"]
[White "Sivakumar, Shaaketh"]
[Black "Chigaev, Maksim"]
[WhiteFideId "30940176"]
[BlackFideId "4108116"]
[WhiteElo "2174"]
[BlackElo "2537"]
[Result "0-1"]
[Round "10"]
[TimeControl "180+1"]
[Date "2022.10.26"]
[WhiteClock "0:00:03"]
[BlackClock "0:00:08"]

1. d4 Nf6 2. Bf4 d6 3. Nc3 Nbd7 4. e4 e5 5. Be3 exd4 6. Qxd4 Be7 7. h3 O-O 8. Nf3 a6 9. a4 b6 10. Be2 Bb7 11. O-O Re8 12. Nd2 Ne5 13. Bf4 Bf8 14. Nd5 c5 15. Nxf6+ Qxf6 16. Bxe5 Rxe5 17. Qd3 d5 18. f4 Ree8 19. exd5 Bxd5 20. Qxd5 Rad8 21. Ne4 Qxb2 22. Qf5 Qd4+ 23. Kh1 Rxe4 24. Bd3 Rde8 25. Bxe4 Qxe4 26. Qxe4 Rxe4 27. Rfb1 Re6 28. Re1 Rf6 29. g3 g6 30. Kg2 Kg7 31. Rab1 c4 32. Re4 Rc6 33. Rd1 Rc7 34. Rdd4 b5 35. axb5 axb5 36. Rd5 b4 37. Rb5 b3 38. cxb3 c3 0-1


[Site "https://www.chess.com"]

[Event "Titled Tuesday Blitz October 25 Late 2022"]
[White "Sokolovsky, Yahli"]
[Black "Castellanos Gomez, Alejandro"]
[WhiteFideId "2820242"]
[BlackFideId "22284141"]
[WhiteElo "2316"]
[BlackElo "2168"]
[Result "1-0"]
[Round "10"]
[TimeControl "180+1"]
[Date "2022.10.26"]
[WhiteClock "0:00:10"]
[BlackClock "0:00:02"]

1. b3 d5 2. e3 Bf5 3. Bb2 e6 4. d4 Nf6 5. Bd3 Bg6 6. Nf3 c5 7. Ne5 Nc6 8. f4 Ne4 9. Nd2 Qh4+ 10. g3 Nxg3 11. Ndf3 Qh5 12. Rg1 Ne4 13. Bb5 Rc8 14. Nxc6 bxc6 15. Ba6 Rc7 16. Be2 cxd4 17. Qxd4 Be7 18. Qxg7 Bh4+ 19. Kd1 Nf2+ 20. Kc1 Rf8 21. Nd4 Bf6 22. Qxf6 Qxh2 23. Rf1 Qg3 24. Qe5 Ne4 25. Nf3 Kd7 26. Ba3 Rb8 27. Kb2 Qg2 28. Rae1 c5 29. Rg1 Qf2 30. Qg7 Nd6 31. Qc3 Be4 32. Ne5+ Ke7 33. Rgf1 Qg2 34. Qa5 Rbc8 35. Qd2 Qh2 36. Qd1 Rb8 37. Qd2 c4 38. c3 cxb3 39. axb3 Rcb7 40. Bxd6+ Kxd6 41. b4 Rb6 42. Nxf7+ Ke7 43. Ne5 a6 44. Qd4 a5 45. Qc5+ Kf6 46. Nd7+ Kf7 47. Nxb6 1-0


[Site "https://www.chess.com"]

[Event "Titled Tuesday Blitz October 25 Late 2022"]
[White "Souleidis, Georgios"]
[Black "Gonzalez, Francisco Silva"]
[WhiteFideId "4206827"]
[BlackFideId "1512285"]
[WhiteElo "2401"]
[BlackElo "2159"]
[Result "1-0"]
[Round "10"]
[TimeControl "180+1"]
[Date "2022.10.26"]
[WhiteClock "0:02:40"]
[BlackClock "0:02:40"]

1. e4 e5 2. Nc3 Nf6 3. d4 exd4 4. Qxd4 Nc6 5. Qd3 Bb4 6. Bd2 O-O 7. O-O-O Re8 8. Nge2 Ne5 9. Qg3 Nc4 10. Bg5 h6 11. Bxh6 Nxe4 12. Qxg7# 1-0


[Site "https://www.chess.com"]

[Event "Titled Tuesday Blitz October 25 Late 2022"]
[White "Stanisz, Patryk"]
[Black "Prydun, Andriy"]
[WhiteFideId "1123106"]
[BlackFideId "14145898"]
[WhiteElo "2069"]
[BlackElo "2163"]
[Result "0-1"]
[Round "10"]
[TimeControl "180+1"]
[Date "2022.10.26"]
[WhiteClock "0:00:04"]
[BlackClock "0:01:49"]

1. d4 d6 2. Nf3 Nd7 3. c4 g6 4. Nc3 Bg7 5. h3 e6 6. e4 Ne7 7. Be2 b6 8. O-O Bb7 9. Re1 a6 10. Rb1 c5 11. d5 e5 12. a3 O-O 13. b4 f5 14. Ng5 Qc8 15. Ne6 Rf7 16. Nxg7 Rxg7 17. f4 g5 18. exf5 gxf4 19. Bg4 h5 20. f6 Rxg4 21. hxg4 Nxf6 22. gxh5 cxb4 23. Rxb4 a5 24. Rb1 Qxc4 25. Nb5 Rd8 26. h6 Kh7 27. Bb2 Bxd5 28. Nc3 Bc6 29. Qc2+ Kh8 30. Qf2 Rg8 31. Qh4 Rxg2+ 32. Kh1 Rg4+ 33. Kh2 Rxh4+ 34. Kg1 Rh1+ 0-1


[Site "https://www.chess.com"]

[Event "Titled Tuesday Blitz October 25 Late 2022"]
[White "Sztokbant, Bernardo Vainzoff"]
[Black "Adla, Diego"]
[WhiteFideId "2115956"]
[BlackFideId "100072"]
[WhiteElo "2171"]
[BlackElo "2377"]
[Result "0-1"]
[Round "10"]
[TimeControl "180+1"]
[Date "2022.10.26"]
[WhiteClock "0:00:37"]
[BlackClock "0:02:23"]

1. e4 e5 2. Nf3 Nc6 3. Bb5 Bc5 4. O-O Qf6 5. d3 h6 6. Be3 Bb6 7. Nbd2 Nge7 8. Nc4 d6 9. a4 O-O 10. a5 Bxe3 11. Nxe3 a6 12. Bc4 Be6 13. c3 Bxc4 14. Nxc4 Ng6 15. g3 Nce7 16. Ne3 Qe6 17. d4 f5 18. exf5 Nxf5 19. Re1 e4 20. d5 Nxe3 21. Rxe3 Qf5 22. Qe1 exf3 23. Rd1 Ne5 0-1


[Site "https://www.chess.com"]